 Dungeon Crawl Stone Soup version 0.28-a0-595-g9f6c0e134a (webtiles) character file.

Game seed: 3350092082240838806

1534 lawman0 the Magician (level 8, -1/67 HPs)
             Began as a Naga Hedge Wizard on Oct 4, 2021.
             Was an Initiate of Vehumet.
             Slain by a vampire mosquito (8 damage)
             ... on level 5 of the Dungeon.
             The game lasted 00:15:01 (7019 turns).

lawman0 the Magician (Naga Hedge Wizard)            Turns: 7019, Time: 00:15:01

Health: -1/67      AC:  3    Str: 13    XL:     8   Next: 86%
Magic:  20/26      EV: 10    Int: 17    God:    Vehumet [......]
Gold:   305        SH:  5    Dex: 10    Spells: 8/19 levels left

rFire   . . .      SeeInvis +   F - +2 morningstar (protect)
rCold   . . .      Faith    .   (no shield)
rNeg    . . .      Spirit   .   b - +0 robe
rPois   +          Reflect  +   c - +0 hat
rElec   .          Harm     .   (no cloak)
rCorr   .          Rampage  .   (no gloves)
Will    +....                   (no barding)
Stlth   ++........              r - amulet of reflection
HPRegen 0.21/turn               w - ring of magical power
MPRegen 0.20/turn               (no ring)

@: about to teleport, very slow
A: AC +2, large, see invisible, deformed body, poison resistance, slowness 2,
spit poison 1, naga tail 1
a: Spit Poison, Renounce Religion


You were on level 5 of the Dungeon.
You worshipped Vehumet.
Vehumet was noncommittal.
You visited 2 branches of the dungeon, and saw 7 of its levels.

You collected 305 gold pieces.

Inventory:

Hand Weapons
 a - a +2 dagger of pain
 D - a +1 mace of holy wrath
 F - a +2 morningstar of protection (weapon)
Missiles
 n - 2 throwing nets
 s - 6 poisoned darts
 E - 2 silver boomerangs
Armour
 b - a +0 robe (worn)
 c - a +0 hat (worn)
Jewellery
 r - an amulet of reflection (around neck)
 w - a ring of magical power (left hand)
Wands
 l - a wand of iceblast (4)
 q - a wand of flame (6)
Scrolls
 d - a scroll of enchant armour
 f - a scroll of immolation
 g - a scroll of torment
 j - 2 scrolls of noise {unknown}
 m - a scroll of fog
 o - a scroll of vulnerability {unknown}
 u - a scroll of teleportation
 x - a scroll of summoning {unknown}
 y - a scroll of silence {unknown}
 A - 2 scrolls of magic mapping {unknown}
Potions
 e - 2 potions of haste
 h - a potion of brilliance {unknown}
 i - 4 potions of curing
 k - a potion of degeneration {unknown}
 p - 2 potions of attraction
 t - 2 potions of heal wounds {unknown}
 v - a potion of cancellation {unknown}
 z - a potion of ambrosia {unknown}
 B - a potion of lignification {unknown}
 C - a potion of mutation {unknown}


   Skills:
 + Level 2.2 Fighting
 + Level 2.8 Dodging
 - Level 4.0 Stealth
 + Level 1.0 Shields
 + Level 6.2 Spellcasting
 + Level 4.6 Conjurations
 + Level 2.1 Summonings
 + Level 2.9 Translocations
 * Level 4.1 Air Magic
 + Level 1.6 Evocations


You had 8 spell levels left.
You knew the following spells:

 Your Spells              Type           Power      Damage    Failure   Level
a - Magic Dart            Conj           84%        1d7       1%          1
b - Blink                 Tloc           N/A        N/A       5%          2
c - Call Imp              Summ           12%        N/A       8%          2
d - Mephitic Cloud        Conj/Pois/Air  15%        N/A       11%         3
e - Swiftness             Air            19%        N/A       7%          3

Your spell library contained the following spells:

 Spells                   Type           Power      Damage    Failure   Level
 Conjure Flame            Conj/Fire      13%        6-21      14%         3
 Passwall                 Tmut/Erth      4%         N/A       19%         2
 Slow                     Hex            5%         N/A       19%         2
 Invisibility             Hex            2%         N/A       100%        6


Dungeon Overview and Level Annotations

Branches:
Dungeon (6/15)             Temple (1/1) D:6

Altars:
Ashenzari
Cheibriados
Dithmenos
Elyvilon
Gozag
Hepliaklqana
Makhleb
Qazlal
Ru
Sif Muna
Trog
Uskayaw
Vehumet
Wu Jian
Xom
Yredelemnul
Zin
The Shining One

Shops:
D:1 (

Annotations:
D:5 exclusion: black bear


Innate Abilities, Weirdness & Mutations

Your serpentine skin is tough. (AC +2)
You have supernaturally acute eyesight. (SInv)
Armour fits poorly on your strangely shaped body.
Your system is resistant to poisons. (rPois)
You cover ground very slowly.
You can spit poison.
You have a snake-like lower body.


Message History

Aiming: Magic Dart (safe; 1% risk of failure)
Press: ? - help, Shift-Dir - straight line, f/p - vampire mosquito
Aim: a vampire mosquito (moderately damaged, 100% to hit)
The magic dart hits the vampire mosquito.
The vampire mosquito is heavily damaged.
The vampire mosquito barely misses you. The vampire mosquito bites you!
The vampire mosquito draws strength from your injuries!
Casting: Magic Dart (safe; 1% risk of failure)
Confirm with . or Enter, or press ? or * to list all spells.
Aiming: Magic Dart (safe; 1% risk of failure)
Press: ? - help, Shift-Dir - straight line, f/p - vampire mosquito
Aim: a vampire mosquito (moderately damaged, 100% to hit)
The magic dart hits the vampire mosquito.
The vampire mosquito is moderately damaged.
The vampire mosquito bites you.
The vampire mosquito draws strength from your injuries!
The vampire mosquito bites you.
The vampire mosquito draws strength from your injuries!
Casting: Magic Dart (safe; 1% risk of failure)
Confirm with . or Enter, or press ? or * to list all spells.
A beastly little devil appears in a puff of flame.
The vampire mosquito bites you!
The vampire mosquito draws strength from your injuries!
The vampire mosquito bites you.
* * * LOW HITPOINT WARNING * * *
The vampire mosquito draws strength from your injuries!
Unknown command.
Casting: Call Imp (safe; 8% risk of failure)
Confirm with . or Enter, or press ? or * to list all spells.
A beastly little devil appears in a puff of flame.
Your crimson imp disappears in a puff of smoke!
The vampire mosquito bites you.
* * * LOW HITPOINT WARNING * * *
The vampire mosquito draws strength from your injuries!
As you read the scroll of teleportation, it crumbles to dust.
You feel strangely unstable. The vampire mosquito bites you!
* * * LOW HITPOINT WARNING * * *
The vampire mosquito draws strength from your injuries!
The vampire mosquito bites you!
You die...

#..#####..#.. #..
h#:#..##' #..#Z
Z#..##. ## .. ...##..
#####+####.###S##...
#........###.###....
#ยง.5......#.........
#.........#.........
#..@y...............
#####+##.##.........
#.##.##.........
###.##.##.........
#......##.........
#...#####.....#...
#..........####..#
#....8.8......##.#
#...........#.####


You could see a vampire mosquito (ally target) and a friendly crimson imp
(summoned).

Vanquished Creatures
  A water moccasin (D:6)
  A sky beast (D:6)
  A black bear (D:5)
  2 ogres
  A necrophage (D:3)
  A bullfrog (D:6)
  4 scorpions (D:6)
  A water moccasin skeleton (D:5)
  2 hounds
  A jelly (D:6)
  2 orc priests
  A centaur skeleton (D:3)
  6 orc wizards
  A hound zombie (D:5)
  A hound skeleton (D:5)
  6 adders
  2 white imps (D:6)
  A worm (D:2)
  A dart slug (D:2)
  15 orcs
  7 goblins
  9 hobgoblins
  2 quokkas
  4 ball pythons
  5 bats
  3 frilled lizards
  2 kobolds
  2 rats
85 creatures vanquished.

Vanquished Creatures (collateral kills)
  A scorpion (D:5)
  A bullfrog zombie (D:5)
  A bullfrog skeleton (D:3)
  A centaur skeleton (D:4)
  A howler monkey zombie (D:5)
  An adder zombie (D:5)
  2 orcs (D:5)
8 creatures vanquished.

Vanquished Creatures (others)
  6 plants (D:3)
6 creatures vanquished.

Grand Total: 99 creatures vanquished

Notes
Turn   | Place    | Note
-------+----------+-------------------------------------------
     0 | D:1      | lawman0 the Naga Hedge Wizard began the quest for the Orb.
     0 | D:1      | Reached XP level 1. HP: 15/15 MP: 4/4
   409 | D:1      | Found Esaicsax's Antique Weapon Shop.
   686 | D:1      | Reached XP level 2. HP: 22/22 MP: 3/6
  1308 | D:2      | Learned a level 2 spell: Blink
  1311 | D:2      | Learned a level 2 spell: Call Imp
  1460 | D:2      | Reached XP level 3. HP: 30/30 MP: 4/7
  1537 | D:2      | Found a faded altar of an unknown god.
  1612 | D:3      | Learned a level 3 spell: Mephitic Cloud
  1659 | D:3      | Reached XP level 4. HP: 16/37 MP: 2/9
  1868 | D:3      | Found a bloodstained altar of Trog.
  1875 | D:3      | Noticed a necrophage
  1888 | D:3      | Killed a necrophage
  1889 | D:3      | Reached skill level 1 in Fighting
  1889 | D:3      | Reached skill level 4 in Spellcasting
  1889 | D:3      | Reached XP level 5. HP: 25/44 MP: 1/11
  2576 | D:3      | Reached XP level 6. HP: 46/51 MP: 6/12
  3161 | D:4      | Learned a level 3 spell: Swiftness
  3183 | D:4      | Found a radiant altar of Vehumet.
  3608 | D:4      | Found a white marble altar of Elyvilon.
  3644 | D:4      | Noticed a water moccasin
  3922 | D:4      | Reached skill level 1 in Air Magic
  4407 | D:5      | Entered Level 5 of the Dungeon
  4407 | D:5      | Noticed a black bear
  4646 | D:5      | Found a hazy altar of Hepliaklqana.
  4660 | D:5      | Reached XP level 7. HP: 53/57 MP: 14/14
  5270 | D:5      | Reached skill level 5 in Spellcasting
  5707 | D:5      | Noticed a vampire mosquito
  5707 | D:5      | Noticed a vampire mosquito
  5707 | D:5      | Noticed a vampire mosquito
  5732 | D:6      | Reached skill level 1 in Evocations
  5732 | D:6      | Reached XP level 8. HP: 62/67 MP: 16/16
  6237 | D:6      | Reached skill level 1 in Shields
  6237 | D:6      | Reached skill level 6 in Spellcasting
  6684 | D:6      | Found a staircase to the Ecumenical Temple.
  6690 | Temple   | Entered the Ecumenical Temple
  6921 | D:4      | Became a worshipper of Vehumet
  6925 | D:5      | Found a hide-covered altar of Uskayaw.
  7019 | D:5      | Slain by a vampire mosquito

Illustrated notes

Levels and vault maps discovered:
D:1:      grunt_arrival_lava_bath, layout_basic, serial_shops,
          nicolae_shop_overgrown_old_shop
D:2:      layout_basic, shapermc_ecumenical_altar_mp_highgroup
D:3:      layout_loops_ring, old_standard_altar, serial_bayou_ford_a,
          solitary_fountain, amcnicky_mini_pool_small
D:4:      layout_gridville, mainiacjoe_overflow_cross_hatched,
          general_overflow_altar
D:5:      layout_basic, nicolae_uskayaw_dance_hall,
          nicolae_overflow_crystal_walls, minmay_puff
D:6:      layout_rooms, fedhas_altar_4, temple_green
Temple:   cyrus_circular_temple

Skill      XL: |  1  2  3  4  5  6  7  8 |
---------------+-------------------------+-----
Conjurations   | 2 3 4 |  4.6
Fighting       | 1 2 |  2.2
Dodging        | 2 |  2.8
Stealth        | 4 |  4.0
Spellcasting   | 4 5 6 |  6.2
Air Magic      | 1 2 4 |  4.1
Translocations | 2 |  2.9
Evocations     | 1 |  1.6
Shields        | 1 |  1.0
Summonings     | 2 |  2.1

Action                   |  1- 3 |  4- 6 |  7- 9 || total
-------------------------+-------+-------+-------++-------
Melee: Dagger            |    16 |    26 |       ||    42
       Mace              |       |    35 |    51 ||    86
       Morningstar       |       |       |    11 ||    11
 Cast: Magic Dart        |    39 |    52 |    61 ||   152
       Call Imp          |     1 |     2 |    14 ||    17
       Blink             |       |    22 |    18 ||    40
       Mephitic Cloud    |       |     2 |     1 ||     3
       Swiftness         |       |       |     1 ||     1
 Abil: Spit Poison       |    14 |    14 |    13 ||    41
Evoke: Wand              |       |     3 |    21 ||    24
  Use: Scroll            |     3 |       |     5 ||     8
       Potion            |       |       |     2 ||     2
 Stab: Distracted        |       |     1 |       ||     1
       Sleeping          |       |     2 |     1 ||     3
Armor: Robe              |     2 |    19 |    28 ||    49
Dodge: Dodged            |    13 |    48 |    58 ||   119
Block: Other             |       |     7 |    26 ||    33
       Reflection        |       |     1 |     2 ||     3

Table legend: (Time is in decaauts)
 A = Elapsed time spent in this place.
 B = Non-inter-level travel time spent in this place.
 C = Inter-level travel time spent in this place.
 D = Time resting spent in this place.
 E = Time spent auto-exploring this place.
 F = Levels seen in this place.
 G = Mean time per level.
                   A        B        C        D        E       F      G
               +--------+--------+--------+--------+--------+-----+--------+
         Total |   8556 |   8225 |    331 |   1746 |   4779 |   7 | 1222.3 |
       Dungeon |   8478 |   8161 |    317 |   1746 |   4726 |   6 | 1413.0 |
        Temple |     77 |     63 |     14 |      0 |     53 |   1 |   77.0 |
               +--------+--------+--------+--------+--------+-----+--------+

Top non-repeatable levels by time:
     D:3: 1877 daAuts
     D:4: 1750 daAuts
     D:5: 1684 daAuts
     D:6: 1132 daAuts
     D:1: 1104 daAuts
     D:2: 928 daAuts
  Temple: 77 daAuts
